Devils vs Stars
(R1)
Created - 30 décembre 2014 at 19:35
Goals
|
| Devils |
1 |
3 |
3 |
7 |
| Stars |
0 |
0 |
1 |
1 |
|
Shots
|
| Devils |
5 |
14 |
13 |
32 |
| Stars |
4 |
9 |
12 |
25 |
|
1st period
1. Devils , Antti Miettinen 8 (Jay Bouwmeester, Greg Stewart) at 7:14
Penalties :
Brad Ference (NJD) for Holding (Minor) at 2:01, Mike Komisarek (NJD) for Hooking (Minor) at 17:10
2nd period
2. Devils , Jay Bouwmeester 4 (Maxim Afinogenov) at 3:42
3. Devils , Maxim Afinogenov 21 (Ben Lovejoy, Zach Parise) at 8:06
4. Devils , Ben Lovejoy 5 (Stephen Weiss, Zach Parise) at 17:21 (PP)
Penalties :
Evgeny Artyukhin (Dal) for Holding (Minor) at 1:23, Kurtis Foster (Dal) for Hooking (Minor) at 8:29, Tomas Plekanec (Dal) for High sticking (Minor) at 16:45
3rd period
5. Devils , Maxim Afinogenov 22 (Vincent Lecavalier, Brad Ference) at 6:57
6. Devils , Jay Bouwmeester 5 (Guillaume Latendresse, Patric Hornqvist) at 9:13
7. Stars , Cory Murphy 1 (Marty Reasoner) at 10:52 (SH)
8. Devils , Greg Stewart 5 (Antti Miettinen) at 16:27
Penalties :
Kurtis Foster (Dal) for Holding (Minor) at 10:39, Bryan Berard (Dal) for Slashing (Minor) at 13:54
Goalie Stats
Viktor Fasth (NJD), 24 saves from 25 shots - (0,960), W, 19-6-2, 60:00 minutes
Pascal Leclaire (Dal), 14 saves from 18 shots - (0,778), L, 14-14-2, 37:21 minutes
Patrick Lalime (Dal), 11 saves from 14 shots - (0,786), 22:39 minutes
Players Stats for Devils
Player Name G A P +/- PIM S H SB GA TA FO MP PP MP PK MP
------------------------------------------------------------------------------------
Andy Greene 0 0 0 2 0 0 1 2 0 0 0/0 11:06 0:00 1:02
Antti Miettinen 1 1 2 2 0 2 3 0 0 0 1/1 9:56 0:00 0:00
Ben Lovejoy 1 1 2 1 0 3 5 1 0 2 0/0 25:02 5:12 0:38
Brad Ference 0 1 1 2 2 1 1 4 1 1 0/0 14:15 0:00 1:11
Dustin Boyd 0 0 0 0 0 1 0 0 0 0 3/5 9:58 0:00 0:45
Greg Stewart 1 1 2 2 0 1 0 0 0 0 0/1 10:08 0:06 0:00
Guillaume Latendresse 0 1 1 1 0 0 1 0 1 0 0/0 18:48 4:30 1:51
Jason Arnott 0 0 0 2 0 2 1 0 1 0 1/1 10:53 0:09 0:39
Jay Bouwmeester 2 1 3 2 0 2 1 2 0 1 0/0 26:32 5:12 2:03
Ladislav Nagy 0 0 0 0 0 2 1 0 0 0 1/1 10:57 0:00 1:32
Maxim Afinogenov 2 1 3 2 0 5 1 0 2 1 3/3 21:15 4:39 0:03
Mike Komisarek 0 0 0 2 2 1 3 1 0 1 0/0 22:39 3:20 1:07
Mike Lundin 0 0 0 1 0 0 1 0 0 0 0/0 19:15 3:20 1:07
Patric Hornqvist 0 1 1 1 0 2 2 0 0 0 0/0 15:59 3:53 0:03
Patrick Eaves 0 0 0 0 0 0 1 0 0 0 1/1 9:19 0:00 0:00
Stephen Weiss 0 1 1 1 0 3 3 0 0 0 8/13 16:17 3:53 0:21
Vincent Lecavalier 0 1 1 2 0 2 1 1 1 1 11/28 22:33 4:33 1:45
Zach Parise 0 2 2 2 0 5 4 0 1 0 1/4 21:08 3:53 1:45
Players Stats for Stars
Player Name G A P +/- PIM S H SB GA TA FO MP PP MP PK MP
------------------------------------------------------------------------------------
Alexei Morozov 0 0 0 -2 0 2 1 2 0 0 0/0 20:02 1:02 0:00
Brendan Bell 0 0 0 -1 0 0 0 0 0 0 0/0 12:55 0:07 0:55
Bryan Berard 0 0 0 -4 2 1 1 0 1 1 0/0 20:07 1:31 2:11
Cory Murphy 1 0 1 0 0 1 0 0 1 0 0/0 17:34 0:07 5:26
Daniel Cleary 0 0 0 -1 0 1 0 0 1 0 0/1 9:22 1:20 2:31
Daniel Sedin 0 0 0 -2 0 2 1 0 0 0 2/2 21:02 1:00 1:02
Éric Belanger 0 0 0 -1 0 1 3 0 1 0 2/2 15:20 1:05 2:31
Evgeny Artyukhin 0 0 0 -2 2 0 2 0 1 0 1/2 11:41 0:16 0:00
Henrik Sedin 0 0 0 -2 0 4 0 0 0 2 12/22 19:26 0:23 0:00
Jan Hlavac 0 0 0 -1 0 3 1 0 0 0 0/1 11:32 0:53 4:59
John Tavares 0 0 0 -1 0 1 5 0 0 0 2/10 13:59 1:54 1:01
Kurtis Foster 0 0 0 -1 4 0 4 1 0 1 0/0 21:34 2:20 0:00
Marty Reasoner 0 1 1 -1 0 2 0 0 0 0 5/8 10:55 0:16 5:00
Milan Michalek 0 0 0 -1 0 0 3 0 0 1 0/0 12:52 1:49 0:00
Pavel Kubina 0 0 0 0 0 3 0 3 1 0 0/0 26:57 2:20 5:26
Randy Jones 0 0 0 -4 0 0 0 3 0 2 0/0 21:03 1:31 3:06
Shane Doan 0 0 0 -1 0 1 2 0 0 0 0/0 12:52 1:20 0:00
Tomas Plekanec 0 0 0 -1 2 3 2 1 1 0 4/10 12:10 0:36 0:00
3 Stars
1 - Jay Bouwmeester (NJD)
2 - Maxim Afinogenov (NJD)
3 - Ben Lovejoy (NJD)
Power Play
Devils - 1 on 5 Attempt(s) - 20,00%
Stars - 0 on 2 Attempt(s) - 0,00%
Penalty Kill
Devils - 2 on 2 Attempt(s) - 100,00%
- Score 0 goal in Penalty Kill
Stars - 4 on 5 Attempt(s) - 80,00%
- Score 1 goal in Penalty Kill
Official
Referees : Jackson Dave and Leggo Mike
Linesman : Brad Kovachik and Don Henderson
Game Notes
Patrick Lalime enters game at 17:21 of 2nd period
Finance
Level 1 -- Attendance: 5434 (90,57%) -- Ticket Income 456 456 $
Level 2 -- Attendance: 4988 (99,76%) -- Ticket Income 259 376 $
Level 3 -- Attendance: 1974 (98,70%) -- Ticket Income 59 220 $
Level 4 -- Attendance: 3877 (96,93%) -- Ticket Income 73 663 $
Luxury Box -- Attendance: 1000 (100,00%) -- Ticket Income 169 000 $
Game was played at the American Airlines Center
Total Attendance: 17273 (95,96%)
Total Ticket Income: 1 017 715 $
Other Income: 152 657 $
Total Income: 1 170 372 $
Devils
5 vs 5 Forward
Center Left Wing Right Wing Time % Phy DF OF
1 Vincent Lecavalier Zach Parise Maxim Afinogenov 40 1 2 2
2 Stephen Weiss Guillaume Latendresse Patric Hornqvist 30 1 2 2
3 Dustin Boyd Ladislav Nagy Patrick Eaves 20 1 2 2
4 Jason Arnott Greg Stewart Antti Miettinen 10 1 2 2
5 vs 5 Defense
Defense Defense Time % Phy DF OF
1 Jay Bouwmeester Mike Komisarek 40 1 2 2
2 Ben Lovejoy Mike Lundin 30 1 2 2
3 Brad Ference Andy Greene 20 1 2 2
4 Ben Lovejoy Brad Ference 10 1 2 2
PowerPlay Forward
Center Left Wing Right Wing Time % Phy DF OF
1 Vincent Lecavalier Guillaume Latendresse Maxim Afinogenov 60 0 2 3
2 Stephen Weiss Zach Parise Patric Hornqvist 40 0 2 3
PowerPlay Defense
Defense Defense Time % Phy DF OF
1 Ben Lovejoy Jay Bouwmeester 60 1 2 2
2 Mike Lundin Mike Komisarek 40 1 2 2
Penalty Kill 4 Players Forward
Center Wing Time % Phy DF OF
1 Jason Arnott Guillaume Latendresse 60 1 2 2
2 Vincent Lecavalier Zach Parise 40 1 2 2
Penalty Kill 4 Players Defense
Defense Defense Time % Phy DF OF
1 Jay Bouwmeester Brad Ference 60 1 2 2
2 Mike Lundin Mike Komisarek 40 1 2 2
Penalty Kill - 3 Players Forward
Forward Time % Phy DF OF
1 Jason Arnott 60 1 2 2
2 Vincent Lecavalier 40 1 2 2
Penalty Kill - 3 Players Defense
Defense Defense Time % Phy DF OF
1 Jay Bouwmeester Mike Komisarek 60 1 2 2
2 Brad Ference Ben Lovejoy 40 1 2 2
4 vs 4 Forward
Center Wing Time % Phy DF OF
1 Stephen Weiss Guillaume Latendresse 60 1 2 2
2 Vincent Lecavalier Zach Parise 40 1 2 2
4 vs 4 Defense
Defense Defense Time % Phy DF OF
1 Brad Ference Mike Komisarek 60 1 2 2
2 Jay Bouwmeester Mike Lundin 40 1 2 2
Last Minutes Offensive
Center Left Wing Right Wing Defense Defense
Vincent Lecavalier Guillaume Latendresse Maxim Afinogenov Ben Lovejoy Jay Bouwmeester
Last Minutes Defensive
Center Left Wing Right Wing Defense Defense
Jason Arnott Zach Parise Maxim Afinogenov Mike Komisarek Jay Bouwmeester
Goaltenders
Starting : Viktor Fasth
Backup : Dan Ellis
Extra Forwards
Normal : Jason Arnott, Antti Miettinen, Ladislav Nagy - PP : Jason Arnott, Greg Stewart - PK : Ladislav Nagy
Extra Defensemen
Normal : Ben Lovejoy, Mike Komisarek, Andy Greene - PP : Ben Lovejoy - PK : Ben Lovejoy, Mike Lundin
Penalty Shots
Vincent Lecavalier, Maxim Afinogenov, Guillaume Latendresse, Patric Hornqvist, Zach Parise
Stars
5 vs 5 Forward
Center Left Wing Right Wing Time % Phy DF OF
1 Henrik Sedin Daniel Sedin Alexei Morozov 40 1 2 2
2 John Tavares Milan Michalek Evgeny Artyukhin 25 1 2 2
3 Tomas Plekanec Éric Belanger Shane Doan 25 1 2 2
4 Marty Reasoner Jan Hlavac Daniel Cleary 10 1 2 2
5 vs 5 Defense
Defense Defense Time % Phy DF OF
1 Pavel Kubina Kurtis Foster 40 1 2 2
2 Randy Jones Bryan Berard 30 1 2 2
3 Brendan Bell Cory Murphy 20 1 2 2
4 Pavel Kubina Kurtis Foster 10 1 2 2
PowerPlay Forward
Center Left Wing Right Wing Time % Phy DF OF
1 Tomas Plekanec Daniel Sedin Alexei Morozov 60 1 2 2
2 John Tavares Milan Michalek Shane Doan 40 1 2 2
PowerPlay Defense
Defense Defense Time % Phy DF OF
1 Pavel Kubina Kurtis Foster 60 1 2 2
2 Randy Jones Bryan Berard 40 1 2 2
Penalty Kill 4 Players Forward
Center Wing Time % Phy DF OF
1 Marty Reasoner Jan Hlavac 60 1 2 2
2 Éric Belanger Daniel Cleary 40 1 2 2
Penalty Kill 4 Players Defense
Defense Defense Time % Phy DF OF
1 Pavel Kubina Cory Murphy 60 1 2 2
2 Randy Jones Bryan Berard 40 1 2 2
Penalty Kill - 3 Players Forward
Forward Time % Phy DF OF
1 Marty Reasoner 60 1 2 2
2 Éric Belanger 40 1 2 2
Penalty Kill - 3 Players Defense
Defense Defense Time % Phy DF OF
1 Pavel Kubina Cory Murphy 60 1 2 2
2 Randy Jones Bryan Berard 40 1 2 2
4 vs 4 Forward
Center Wing Time % Phy DF OF
1 Alexei Morozov Daniel Sedin 60 1 2 2
2 Shane Doan Tomas Plekanec 40 1 2 2
4 vs 4 Defense
Defense Defense Time % Phy DF OF
1 Pavel Kubina Kurtis Foster 60 1 2 2
2 Randy Jones Bryan Berard 40 1 2 2
Last Minutes Offensive
Center Left Wing Right Wing Defense Defense
Henrik Sedin Daniel Sedin Alexei Morozov Pavel Kubina Kurtis Foster
Last Minutes Defensive
Center Left Wing Right Wing Defense Defense
Marty Reasoner Jan Hlavac Daniel Cleary Bryan Berard Randy Jones
Goaltenders
Starting : Pascal Leclaire
Backup : Patrick Lalime
Extra Forwards
Normal : Daniel Sedin, Alexei Morozov, Milan Michalek - PP : Alexei Morozov, Daniel Sedin - PK : Jan Hlavac
Extra Defensemen
Normal : Brendan Bell, Bryan Berard, Randy Jones - PP : Pavel Kubina - PK : Bryan Berard, Randy Jones
Penalty Shots
Alexei Morozov, Daniel Sedin, John Tavares, Milan Michalek, Shane Doan
% Time on Ice - Devils
Lines # - Real PCT - Wanted PCT - Time Play
Normal Forward
1 - 35% - 40% - 16:24
2 - 25% - 30% - 12:03
3 - 19% - 20% - 9:07
4 - 21% - 10% - 9:56
Normal Defense
1 - 41% - 40% - 19:40
2 - 31% - 30% - 14:48
3 - 21% - 20% - 9:53
4 - 7% - 10% - 3:09
PP Forward
1 - 54% - 60% - 4:39
2 - 46% - 40% - 3:53
PP Defense
1 - 61% - 60% - 5:12
2 - 39% - 40% - 3:20
PK Forward
1 - 31% - 60% - 1:13
2 - 69% - 40% - 2:45
PK Defense
1 - 72% - 60% - 2:51
2 - 28% - 40% - 1:07
PK3 Forward
1 - 0% - 60%
2 - 0% - 40%
PK3 Defense
1 - 0% - 60%
2 - 0% - 40%
44 Forward
1 - 0% - 60%
2 - 0% - 40%
44 Defense
1 - 0% - 60%
2 - 0% - 40%
Last Minute Offensive - 0:00
Last Minute Defensive - 0:00
Total
Forward - 60:00
Defense - 60:00
|
% Time on Ice - Stars
Lines # - Real PCT - Wanted PCT - Time Play
Normal Forward
1 - 41% - 40% - 19:24
2 - 24% - 25% - 11:18
3 - 24% - 25% - 11:32
4 - 11% - 10% - 5:16
Normal Defense
1 - 38% - 40% - 18:15
2 - 35% - 30% - 16:26
3 - 25% - 20% - 11:53
4 - 2% - 10% - 0:56
PP Forward
1 - 29% - 60% - 1:08
2 - 71% - 40% - 2:50
PP Defense
1 - 62% - 60% - 2:27
2 - 38% - 40% - 1:31
PK Forward
1 - 71% - 60% - 6:01
2 - 29% - 40% - 2:31
PK Defense
1 - 64% - 60% - 5:26
2 - 36% - 40% - 3:06
PK3 Forward
1 - 0% - 60%
2 - 0% - 40%
PK3 Defense
1 - 0% - 60%
2 - 0% - 40%
44 Forward
1 - 0% - 60%
2 - 0% - 40%
44 Defense
1 - 0% - 60%
2 - 0% - 40%
Last Minute Offensive - 0:00
Last Minute Defensive - 0:00
Total
Forward - 60:00
Defense - 60:00
|
Play by Play
1st period
0:01 of 1st period - Henrik Sedin wins face-off versus Vincent Lecavalier in neutral zone.
0:16 of 1st period - Wrist shot by Henrik Sedin.
0:16 of 1st period - Shot Hit the Post.
0:56 of 1st period - Snap shot by Ladislav Nagy.
0:56 of 1st period - Shot Misses the Net.
1:30 of 1st period - Wrist shot by Tomas Plekanec.
1:30 of 1st period - Stopped by Viktor Fasth with a rebound.
1:32 of 1st period - Snap shot by Éric Belanger.
1:32 of 1st period - Shot Blocked by Andy Greene.
2:01 of 1st period - Minor Penalty to Brad Ference for Holding.
2:02 of 1st period - Ladislav Nagy wins face-off versus John Tavares in Devils zone.
2:49 of 1st period - Ben Lovejoy is hit by John Tavares.
3:41 of 1st period - Mike Lundin is hit by Éric Belanger and loses puck.
4:01 of 1st period - Penalty to Brad Ference is over, Brad Ference is back on ice.
4:03 of 1st period - Slapshot by Jason Arnott.
4:03 of 1st period - Stopped by Pascal Leclaire without a rebound.
4:04 of 1st period - Marty Reasoner wins face-off versus Dustin Boyd in Stars zone.
4:41 of 1st period - Zach Parise is hit by Kurtis Foster and loses puck.
5:01 of 1st period - Wrist shot by Shane Doan.
5:01 of 1st period - Stopped by Viktor Fasth with a rebound.
5:43 of 1st period - Backhand shot by Jan Hlavac.
5:43 of 1st period - Stopped by Viktor Fasth with a rebound.
5:45 of 1st period - Wrist shot by Jan Hlavac.
5:45 of 1st period - Shot Blocked by Brad Ference.
5:47 of 1st period - Slapshot by Brendan Bell.
5:47 of 1st period - Shot Blocked by Brad Ference.
6:20 of 1st period - Andy Greene is hit by Shane Doan and loses puck.
6:27 of 1st period - Ben Lovejoy is hit by Bryan Berard and loses puck.
7:14 of 1st period - Slapshot by Jay Bouwmeester.
7:14 of 1st period - Deflect By Antti Miettinen.
7:14 of 1st period - Goal by Antti Miettinen - Devils : 1 - Stars : 0.
7:15 of 1st period - Henrik Sedin wins face-off versus Vincent Lecavalier in neutral zone.
7:28 of 1st period - Wrist shot by Henrik Sedin.
7:28 of 1st period - Stopped by Viktor Fasth without a rebound.
7:29 of 1st period - Henrik Sedin wins face-off versus Vincent Lecavalier in Devils zone.
7:40 of 1st period - Pavel Kubina is hit by Zach Parise and loses puck.
7:55 of 1st period - Jay Bouwmeester is hit by Evgeny Artyukhin and loses puck.
8:06 of 1st period - Wrist shot by John Tavares.
8:06 of 1st period - Shot Misses the Net.
8:22 of 1st period - Mike Komisarek is hit by Éric Belanger and loses puck.
8:51 of 1st period - Randy Jones is hit by Jay Bouwmeester and loses puck.
9:43 of 1st period - Andy Greene is hit by Kurtis Foster and loses puck.
10:02 of 1st period - Snap shot by Zach Parise.
10:02 of 1st period - Stopped by Pascal Leclaire without a rebound.
10:03 of 1st period - Vincent Lecavalier wins face-off versus Henrik Sedin in Stars zone.
10:28 of 1st period - Milan Michalek is hit by Patric Hornqvist and loses puck.
10:55 of 1st period - Brad Ference is hit by Tomas Plekanec and loses puck.
11:51 of 1st period - Snap shot by Daniel Sedin.
11:51 of 1st period - Deflect By Jason Arnott.
11:51 of 1st period - Shot Misses the Net.
11:51 of 1st period - Puck is out of play.
11:52 of 1st period - Henrik Sedin wins face-off versus Greg Stewart in Devils zone.
11:55 of 1st period - Wrist shot by Henrik Sedin.
11:55 of 1st period - Shot Misses the Net.
12:41 of 1st period - Mike Komisarek is hit by Daniel Sedin.
12:59 of 1st period - Wrist shot by Greg Stewart.
12:59 of 1st period - Shot Misses the Net.
13:01 of 1st period - Slapshot by Mike Lundin.
13:01 of 1st period - Shot Misses the Net.
13:03 of 1st period - Slapshot by Ben Lovejoy.
13:03 of 1st period - Shot Misses the Net.
13:26 of 1st period - Alexei Morozov is hit by Ben Lovejoy and loses puck.
13:57 of 1st period - Slapshot by Ben Lovejoy.
13:57 of 1st period - Shot Misses the Net.
15:42 of 1st period - Snap shot by Henrik Sedin.
15:42 of 1st period - Shot Misses the Net.
16:20 of 1st period - Daniel Sedin is hit by Jason Arnott and loses puck.
16:25 of 1st period - Snap shot by Greg Stewart.
16:25 of 1st period - Shot Blocked by Alexei Morozov.
16:27 of 1st period - Wrist shot by Jason Arnott.
16:27 of 1st period - Stopped by Pascal Leclaire with a rebound.
16:29 of 1st period - Snap shot by Jason Arnott.
16:29 of 1st period - Shot Misses the Net.
16:48 of 1st period - Off-side.
16:49 of 1st period - Evgeny Artyukhin wins face-off versus Vincent Lecavalier in neutral zone.
16:56 of 1st period - Slapshot by Zach Parise.
16:56 of 1st period - Stopped by Pascal Leclaire with a rebound.
17:10 of 1st period - Minor Penalty to Mike Komisarek for Hooking.
17:11 of 1st period - Vincent Lecavalier wins face-off versus John Tavares in Devils zone.
18:06 of 1st period - Snap shot by Daniel Cleary.
18:06 of 1st period - Shot Misses the Net.
18:57 of 1st period - Dustin Boyd is hit by Evgeny Artyukhin and loses puck.
19:10 of 1st period - Penalty to Mike Komisarek is over, Mike Komisarek is back on ice.
Goals for this period are 1 for Devils vs 0 for Stars.
Shots for this period are 5 for Devils vs 4 for Stars.
2nd period
0:01 of 2nd period - Zach Parise wins face-off versus John Tavares in neutral zone.
0:16 of 2nd period - Vincent Lecavalier is hit by John Tavares and loses puck.
0:27 of 2nd period - Kurtis Foster is hit by Guillaume Latendresse and loses puck.
0:32 of 2nd period - Snap shot by Patric Hornqvist.
0:32 of 2nd period - Stopped by Pascal Leclaire without a rebound.
0:33 of 2nd period - Stephen Weiss wins face-off versus Tomas Plekanec in Stars zone.
1:04 of 2nd period - Snap shot by Henrik Sedin.
1:04 of 2nd period - Shot Blocked by Brad Ference.
1:06 of 2nd period - Slapshot by Pavel Kubina.
1:06 of 2nd period - Stopped by Viktor Fasth with a rebound.
1:08 of 2nd period - Wrist shot by Henrik Sedin.
1:08 of 2nd period - Stopped by Viktor Fasth without a rebound.
1:09 of 2nd period - Vincent Lecavalier wins face-off versus John Tavares in Devils zone.
1:23 of 2nd period - Minor Penalty to Evgeny Artyukhin for Holding.
1:24 of 2nd period - Marty Reasoner wins face-off versus Vincent Lecavalier in Stars zone.
1:24 of 2nd period - Marty Reasoner is hit by Ben Lovejoy.
1:54 of 2nd period - Patric Hornqvist is hit by Jan Hlavac and loses puck.
2:13 of 2nd period - Éric Belanger is hit by Maxim Afinogenov and loses puck.
2:29 of 2nd period - Jan Hlavac is hit by Mike Komisarek and loses puck.
2:39 of 2nd period - Off-side.
2:40 of 2nd period - Éric Belanger wins face-off versus Vincent Lecavalier in neutral zone.
2:42 of 2nd period - Off-side.
2:43 of 2nd period - Éric Belanger wins face-off versus Vincent Lecavalier in neutral zone.
3:16 of 2nd period - Wrist shot by Vincent Lecavalier.
3:16 of 2nd period - Shot Misses the Net.
3:23 of 2nd period - Penalty to Evgeny Artyukhin is over, Evgeny Artyukhin is back on ice.
3:30 of 2nd period - Snap shot by Guillaume Latendresse.
3:30 of 2nd period - Shot Blocked by Randy Jones.
3:42 of 2nd period - Slapshot by Jay Bouwmeester.
3:42 of 2nd period - Goal by Jay Bouwmeester - Devils : 2 - Stars : 0.
3:43 of 2nd period - Dustin Boyd wins face-off versus John Tavares in neutral zone.
3:48 of 2nd period - Snap shot by Ladislav Nagy.
3:48 of 2nd period - Shot Misses the Net.
3:56 of 2nd period - Slapshot by Pavel Kubina.
3:56 of 2nd period - Shot Blocked by Brad Ference.
4:15 of 2nd period - Slapshot by Mike Komisarek.
4:15 of 2nd period - Shot Misses the Net.
4:31 of 2nd period - Tomas Plekanec is hit by Stephen Weiss and loses puck.
4:38 of 2nd period - Wrist shot by Stephen Weiss.
4:38 of 2nd period - Stopped by Pascal Leclaire with a rebound.
4:58 of 2nd period - John Tavares is hit by Zach Parise and loses puck.
5:14 of 2nd period - Wrist shot by Brad Ference.
5:14 of 2nd period - Shot Misses the Net.
5:40 of 2nd period - Off-side.
5:41 of 2nd period - John Tavares wins face-off versus Zach Parise in neutral zone.
6:06 of 2nd period - Jay Bouwmeester is hit by Tomas Plekanec and loses puck.
6:44 of 2nd period - Icing by Patrick Eaves.
6:45 of 2nd period - Patrick Eaves wins face-off versus Jan Hlavac in Devils zone.
6:58 of 2nd period - Slapshot by Pavel Kubina.
6:58 of 2nd period - Shot Misses the Net.
7:00 of 2nd period - Snap shot by Kurtis Foster.
7:00 of 2nd period - Shot Misses the Net.
7:21 of 2nd period - Slapshot by Patric Hornqvist.
7:21 of 2nd period - Stopped by Pascal Leclaire without a rebound.
7:22 of 2nd period - Vincent Lecavalier wins face-off versus Tomas Plekanec in Stars zone.
7:47 of 2nd period - Milan Michalek is hit by Brad Ference and loses puck.
7:56 of 2nd period - Slapshot by Patrick Eaves.
7:56 of 2nd period - Deflect By Dustin Boyd.
7:56 of 2nd period - Shot Misses the Net.
7:56 of 2nd period - Puck is out of play.
7:57 of 2nd period - Vincent Lecavalier wins face-off versus Henrik Sedin in Stars zone.
8:00 of 2nd period - Snap shot by Zach Parise.
8:00 of 2nd period - Shot Misses the Net.
8:02 of 2nd period - Slapshot by Ben Lovejoy.
8:02 of 2nd period - Shot Misses the Net.
8:04 of 2nd period - Snap shot by Ben Lovejoy.
8:04 of 2nd period - Shot Misses the Net.
8:06 of 2nd period - Wrist shot by Maxim Afinogenov.
8:06 of 2nd period - Goal by Maxim Afinogenov - Devils : 3 - Stars : 0.
8:07 of 2nd period - John Tavares wins face-off versus Vincent Lecavalier in neutral zone.
8:29 of 2nd period - Minor Penalty to Kurtis Foster for Hooking.
8:30 of 2nd period - Maxim Afinogenov wins face-off versus Marty Reasoner in Stars zone.
8:39 of 2nd period - Snap shot by Vincent Lecavalier.
8:39 of 2nd period - Shot Misses the Net.
8:41 of 2nd period - Slapshot by Jay Bouwmeester.
8:41 of 2nd period - Shot Misses the Net.
8:43 of 2nd period - Slapshot by Ben Lovejoy.
8:43 of 2nd period - Stopped by Pascal Leclaire with a rebound.
8:45 of 2nd period - Slapshot by Vincent Lecavalier.
8:45 of 2nd period - Shot Misses the Net.
8:55 of 2nd period - Jan Hlavac is hit by Stephen Weiss and loses puck.
9:30 of 2nd period - Mike Lundin is hit by John Tavares and loses puck.
9:43 of 2nd period - Cory Murphy is hit by Patric Hornqvist and loses puck.
10:20 of 2nd period - Snap shot by Stephen Weiss.
10:20 of 2nd period - Stopped by Pascal Leclaire without a rebound.
10:21 of 2nd period - Maxim Afinogenov wins face-off versus Daniel Cleary in Stars zone.
10:29 of 2nd period - Penalty to Kurtis Foster is over, Kurtis Foster is back on ice.
11:10 of 2nd period - Jason Arnott is hit by John Tavares and loses puck.
11:29 of 2nd period - Wrist shot by Vincent Lecavalier.
11:29 of 2nd period - Stopped by Pascal Leclaire with a rebound.
11:36 of 2nd period - Icing by Cory Murphy.
11:37 of 2nd period - Dustin Boyd wins face-off versus Tomas Plekanec in Stars zone.
11:57 of 2nd period - Off-side.
11:58 of 2nd period - Henrik Sedin wins face-off versus Dustin Boyd in neutral zone.
12:01 of 2nd period - Backhand shot by Henrik Sedin.
12:01 of 2nd period - Shot Blocked by Andy Greene.
12:25 of 2nd period - Milan Michalek is hit by Stephen Weiss and loses puck.
12:52 of 2nd period - Snap shot by Shane Doan.
12:52 of 2nd period - Shot Misses the Net.
12:54 of 2nd period - Wrist shot by Shane Doan.
12:54 of 2nd period - Shot Blocked by Vincent Lecavalier.
13:04 of 2nd period - Daniel Cleary is hit by Antti Miettinen and loses puck.
14:14 of 2nd period - Off-side.
14:15 of 2nd period - Maxim Afinogenov wins face-off versus Henrik Sedin in neutral zone.
14:18 of 2nd period - Alexei Morozov is hit by Zach Parise and loses puck.
14:26 of 2nd period - Icing by Daniel Sedin.
14:27 of 2nd period - Vincent Lecavalier wins face-off versus Henrik Sedin in Stars zone.
14:52 of 2nd period - Wrist shot by Alexei Morozov.
14:52 of 2nd period - Stopped by Viktor Fasth without a rebound.
14:53 of 2nd period - Stephen Weiss wins face-off versus Tomas Plekanec in Devils zone.
15:51 of 2nd period - Snap shot by Zach Parise.
15:51 of 2nd period - Stopped by Pascal Leclaire without a rebound.
15:52 of 2nd period - Tomas Plekanec wins face-off versus Vincent Lecavalier in Stars zone.
16:14 of 2nd period - Icing by Jay Bouwmeester.
16:15 of 2nd period - Dustin Boyd wins face-off versus Henrik Sedin in Devils zone.
16:24 of 2nd period - Snap shot by Ladislav Nagy.
16:24 of 2nd period - Stopped by Pascal Leclaire with a rebound.
16:26 of 2nd period - Snap shot by Dustin Boyd.
16:26 of 2nd period - Stopped by Pascal Leclaire with a rebound.
16:28 of 2nd period - Slapshot by Jay Bouwmeester.
16:28 of 2nd period - Shot Blocked by Randy Jones.
16:45 of 2nd period - Minor Penalty to Tomas Plekanec for High sticking.
16:46 of 2nd period - Marty Reasoner wins face-off versus Vincent Lecavalier in Stars zone.
16:59 of 2nd period - Slapshot by Pavel Kubina.
16:59 of 2nd period - Deflect By Marty Reasoner.
16:59 of 2nd period - Stopped by Viktor Fasth with a rebound.
17:01 of 2nd period - Snap shot by Jan Hlavac.
17:01 of 2nd period - Stopped by Viktor Fasth with a rebound.
17:19 of 2nd period - Snap shot by Stephen Weiss.
17:19 of 2nd period - Stopped by Pascal Leclaire with a rebound.
17:21 of 2nd period - Slapshot by Ben Lovejoy.
17:21 of 2nd period - Goal by Ben Lovejoy - Devils : 4 - Stars : 0.
17:21 of 2nd period - Patrick Lalime enters game.
17:22 of 2nd period - Henrik Sedin wins face-off versus Zach Parise in neutral zone.
17:35 of 2nd period - Kurtis Foster is hit by Zach Parise and loses puck.
17:54 of 2nd period - Wrist shot by John Tavares.
17:54 of 2nd period - Shot Blocked by Mike Komisarek.
17:56 of 2nd period - Wrist shot by Pavel Kubina.
17:56 of 2nd period - Stopped by Viktor Fasth without a rebound.
17:57 of 2nd period - Stephen Weiss wins face-off versus Tomas Plekanec in Devils zone.
18:02 of 2nd period - Wrist shot by Tomas Plekanec.
18:02 of 2nd period - Stopped by Viktor Fasth with a rebound.
18:04 of 2nd period - Slapshot by Shane Doan.
18:04 of 2nd period - Deflect By Ben Lovejoy.
18:04 of 2nd period - Shot Blocked by Ben Lovejoy.
18:04 of 2nd period - Puck is out of play.
18:05 of 2nd period - Tomas Plekanec wins face-off versus Stephen Weiss in Devils zone.
18:10 of 2nd period - Snap shot by Shane Doan.
18:10 of 2nd period - Deflect By Éric Belanger.
18:10 of 2nd period - Stopped by Viktor Fasth with a rebound.
18:12 of 2nd period - Snap shot by Éric Belanger.
18:12 of 2nd period - Shot Misses the Net.
18:14 of 2nd period - Wrist shot by Tomas Plekanec.
18:14 of 2nd period - Stopped by Viktor Fasth without a rebound.
18:15 of 2nd period - Vincent Lecavalier wins face-off versus Henrik Sedin in Devils zone.
18:48 of 2nd period - Randy Jones is hit by Mike Komisarek and loses puck.
18:55 of 2nd period - Snap shot by Maxim Afinogenov.
18:55 of 2nd period - Shot Blocked by Tomas Plekanec.
18:57 of 2nd period - Wrist shot by Maxim Afinogenov.
18:57 of 2nd period - Stopped by Patrick Lalime without a rebound.
18:58 of 2nd period - Stephen Weiss wins face-off versus Henrik Sedin in Stars zone.
19:30 of 2nd period - Slapshot by Bryan Berard.
19:30 of 2nd period - Shot Misses the Net.
19:32 of 2nd period - Wrist shot by Bryan Berard.
19:32 of 2nd period - Deflect By John Tavares.
19:32 of 2nd period - Shot Misses the Net.
19:32 of 2nd period - Puck is out of play.
19:33 of 2nd period - Henrik Sedin wins face-off versus Stephen Weiss in Devils zone.
19:36 of 2nd period - Wrist shot by Henrik Sedin.
19:36 of 2nd period - Shot Misses the Net.
Goals for this period are 3 for Devils vs 0 for Stars.
Shots for this period are 14 for Devils vs 9 for Stars.
3rd period
0:01 of 3rd period - Henrik Sedin wins face-off versus Vincent Lecavalier in neutral zone.
0:26 of 3rd period - Vincent Lecavalier is hit by Kurtis Foster and loses puck.
0:35 of 3rd period - Snap shot by Maxim Afinogenov.
0:35 of 3rd period - Stopped by Patrick Lalime with a rebound.
0:37 of 3rd period - Wrist shot by Zach Parise.
0:37 of 3rd period - Stopped by Patrick Lalime without a rebound.
0:38 of 3rd period - Stephen Weiss wins face-off versus Henrik Sedin in Stars zone.
0:49 of 3rd period - Slapshot by Alexei Morozov.
0:49 of 3rd period - Stopped by Viktor Fasth with a rebound.
0:51 of 3rd period - Slapshot by Bryan Berard.
0:51 of 3rd period - Stopped by Viktor Fasth without a rebound.
0:52 of 3rd period - Stephen Weiss wins face-off versus John Tavares in Devils zone.
1:22 of 3rd period - Snap shot by Vincent Lecavalier.
1:22 of 3rd period - Shot Blocked by Kurtis Foster.
1:24 of 3rd period - Snap shot by Vincent Lecavalier.
1:24 of 3rd period - Shot Blocked by Alexei Morozov.
1:26 of 3rd period - Slapshot by Mike Komisarek.
1:26 of 3rd period - Stopped by Patrick Lalime with a rebound.
1:41 of 3rd period - Shane Doan is hit by Patrick Eaves and loses puck.
2:08 of 3rd period - Icing by Patric Hornqvist.
2:09 of 3rd period - Henrik Sedin wins face-off versus Stephen Weiss in Devils zone.
2:22 of 3rd period - Snap shot by Alexei Morozov.
2:22 of 3rd period - Shot Misses the Net.
2:49 of 3rd period - Mike Komisarek is hit by Milan Michalek and loses puck.
3:08 of 3rd period - Patrick Eaves is hit by Shane Doan and loses puck.
3:17 of 3rd period - Wrist shot by Shane Doan.
3:17 of 3rd period - Shot Misses the Net.
3:35 of 3rd period - Slapshot by Marty Reasoner.
3:35 of 3rd period - Shot Misses the Net.
3:37 of 3rd period - Slapshot by Bryan Berard.
3:37 of 3rd period - Shot Blocked by Jay Bouwmeester.
3:39 of 3rd period - Snap shot by Marty Reasoner.
3:39 of 3rd period - Stopped by Viktor Fasth without a rebound.
3:40 of 3rd period - Vincent Lecavalier wins face-off versus Henrik Sedin in Devils zone.
4:07 of 3rd period - Patric Hornqvist is hit by John Tavares and loses puck.
4:53 of 3rd period - Cory Murphy is hit by Mike Lundin and loses puck.
5:20 of 3rd period - Jan Hlavac is hit by Antti Miettinen and loses puck.
5:32 of 3rd period - Icing by Jason Arnott.
5:33 of 3rd period - Stephen Weiss wins face-off versus Evgeny Artyukhin in Devils zone.
5:33 of 3rd period - Stephen Weiss is hit by Milan Michalek.
5:48 of 3rd period - Slapshot by John Tavares.
5:48 of 3rd period - Stopped by Viktor Fasth with a rebound.
6:04 of 3rd period - Off-side.
6:05 of 3rd period - Henrik Sedin wins face-off versus Vincent Lecavalier in neutral zone.
6:20 of 3rd period - Snap shot by Zach Parise.
6:20 of 3rd period - Shot Blocked by Randy Jones.
6:42 of 3rd period - Alexei Morozov is hit by Ben Lovejoy and loses puck.
6:47 of 3rd period - Slapshot by Vincent Lecavalier.
6:47 of 3rd period - Stopped by Patrick Lalime with a rebound.
6:49 of 3rd period - Slapshot by Zach Parise.
6:49 of 3rd period - Shot Misses the Net.
6:51 of 3rd period - Slapshot by Brad Ference.
6:51 of 3rd period - Stopped by Patrick Lalime with a rebound.
6:57 of 3rd period - Snap shot by Maxim Afinogenov.
6:57 of 3rd period - Goal by Maxim Afinogenov - Devils : 5 - Stars : 0.
6:58 of 3rd period - Tomas Plekanec wins face-off versus Stephen Weiss in neutral zone.
7:01 of 3rd period - Slapshot by Kurtis Foster.
7:01 of 3rd period - Shot Misses the Net.
7:34 of 3rd period - Snap shot by Ladislav Nagy.
7:34 of 3rd period - Stopped by Patrick Lalime without a rebound.
7:35 of 3rd period - Henrik Sedin wins face-off versus Vincent Lecavalier in Stars zone.
7:47 of 3rd period - Snap shot by Henrik Sedin.
7:47 of 3rd period - Shot Misses the Net.
7:49 of 3rd period - Snap shot by Alexei Morozov.
7:49 of 3rd period - Shot Misses the Net.
7:51 of 3rd period - Snap shot by Henrik Sedin.
7:51 of 3rd period - Stopped by Viktor Fasth without a rebound.
7:52 of 3rd period - Tomas Plekanec wins face-off versus Stephen Weiss in Devils zone.
8:03 of 3rd period - Wrist shot by Patric Hornqvist.
8:03 of 3rd period - Shot Misses the Net.
8:05 of 3rd period - Slapshot by Mike Komisarek.
8:05 of 3rd period - Shot Blocked by Pavel Kubina.
8:07 of 3rd period - Slapshot by Guillaume Latendresse.
8:07 of 3rd period - Shot Blocked by Pavel Kubina.
8:19 of 3rd period - Alexei Morozov is hit by Mike Komisarek and loses puck.
8:30 of 3rd period - Zach Parise is hit by Alexei Morozov and loses puck.
8:49 of 3rd period - Snap shot by Maxim Afinogenov.
8:49 of 3rd period - Shot Misses the Net.
8:53 of 3rd period - Snap shot by Zach Parise.
8:53 of 3rd period - Shot Misses the Net.
8:55 of 3rd period - Snap shot by Maxim Afinogenov.
8:55 of 3rd period - Stopped by Patrick Lalime with a rebound.
8:57 of 3rd period - Wrist shot by Zach Parise.
8:57 of 3rd period - Stopped by Patrick Lalime without a rebound.
8:58 of 3rd period - Stephen Weiss wins face-off versus Tomas Plekanec in Stars zone.
9:11 of 3rd period - Snap shot by Guillaume Latendresse.
9:11 of 3rd period - Shot Hit the Post.
9:13 of 3rd period - Wrist shot by Jay Bouwmeester.
9:13 of 3rd period - Deflect By Shane Doan.
9:13 of 3rd period - Goal by Jay Bouwmeester - Devils : 6 - Stars : 0.
9:14 of 3rd period - Daniel Sedin wins face-off versus Vincent Lecavalier in neutral zone.
9:19 of 3rd period - Wrist shot by Alexei Morozov.
9:19 of 3rd period - Shot Hit the Post.
9:41 of 3rd period - Pavel Kubina is hit by Ben Lovejoy and loses puck.
10:11 of 3rd period - Slapshot by Ben Lovejoy.
10:11 of 3rd period - Stopped by Patrick Lalime without a rebound.
10:12 of 3rd period - Daniel Sedin wins face-off versus Zach Parise in Stars zone.
10:12 of 3rd period - Daniel Sedin is hit by Andy Greene.
10:39 of 3rd period - Minor Penalty to Kurtis Foster for Holding.
10:40 of 3rd period - Marty Reasoner wins face-off versus Vincent Lecavalier in Stars zone.
10:44 of 3rd period - Off-side.
10:45 of 3rd period - Marty Reasoner wins face-off versus Vincent Lecavalier in neutral zone.
10:52 of 3rd period - Wrist shot by Cory Murphy.
10:52 of 3rd period - Goal by Cory Murphy - Devils : 6 - Stars : 1.
10:53 of 3rd period - Vincent Lecavalier wins face-off versus Marty Reasoner in neutral zone.
12:39 of 3rd period - Penalty to Kurtis Foster is over, Kurtis Foster is back on ice.
13:06 of 3rd period - Andy Greene is hit by Kurtis Foster and loses puck.
13:18 of 3rd period - John Tavares is hit by Antti Miettinen and loses puck.
13:33 of 3rd period - Bryan Berard is hit by Ladislav Nagy and loses puck.
13:54 of 3rd period - Minor Penalty to Bryan Berard for Slashing.
13:55 of 3rd period - Vincent Lecavalier wins face-off versus Marty Reasoner in Stars zone.
14:02 of 3rd period - Wrist shot by Guillaume Latendresse.
14:02 of 3rd period - Shot Blocked by Pavel Kubina.
14:12 of 3rd period - Jan Hlavac is hit by Vincent Lecavalier and loses puck.
15:01 of 3rd period - Snap shot by John Tavares.
15:01 of 3rd period - Shot Misses the Net.
15:19 of 3rd period - Zach Parise is hit by Éric Belanger and loses puck.
15:24 of 3rd period - Wrist shot by Daniel Cleary.
15:24 of 3rd period - Stopped by Viktor Fasth with a rebound.
15:54 of 3rd period - Penalty to Bryan Berard is over, Bryan Berard is back on ice.
16:15 of 3rd period - Off-side.
16:16 of 3rd period - Antti Miettinen wins face-off versus John Tavares in neutral zone.
16:27 of 3rd period - Snap shot by Greg Stewart.
16:27 of 3rd period - Goal by Greg Stewart - Devils : 7 - Stars : 1.
16:28 of 3rd period - Henrik Sedin wins face-off versus Vincent Lecavalier in neutral zone.
17:18 of 3rd period - Mike Komisarek is hit by Milan Michalek and loses puck.
18:02 of 3rd period - Alexei Morozov is hit by Ben Lovejoy and loses puck.
18:32 of 3rd period - Icing by Brendan Bell.
18:33 of 3rd period - Jason Arnott wins face-off versus John Tavares in Stars zone.
18:46 of 3rd period - Wrist shot by Antti Miettinen.
18:46 of 3rd period - Stopped by Patrick Lalime with a rebound.
19:00 of 3rd period - Slapshot by Daniel Sedin.
19:00 of 3rd period - Stopped by Viktor Fasth with a rebound.
19:02 of 3rd period - Snap shot by Daniel Sedin.
19:02 of 3rd period - Stopped by Viktor Fasth with a rebound.
19:06 of 3rd period - Wrist shot by Alexei Morozov.
19:06 of 3rd period - Shot Misses the Net.
19:08 of 3rd period - Wrist shot by Henrik Sedin.
19:08 of 3rd period - Shot Misses the Net.
19:40 of 3rd period - Snap shot by Jan Hlavac.
19:40 of 3rd period - Shot Hit the Post.
19:42 of 3rd period - Slapshot by Pavel Kubina.
19:42 of 3rd period - Stopped by Viktor Fasth with a rebound.
19:44 of 3rd period - Slapshot by Pavel Kubina.
19:44 of 3rd period - Shot Blocked by Jay Bouwmeester.
19:46 of 3rd period - Snap shot by Jan Hlavac.
19:46 of 3rd period - Stopped by Viktor Fasth without a rebound.
19:47 of 3rd period - Vincent Lecavalier wins face-off versus Henrik Sedin in Devils zone.
19:58 of 3rd period - Wrist shot by Henrik Sedin.
19:58 of 3rd period - Stopped by Viktor Fasth with a rebound.
Goals for this period are 3 for Devils vs 1 for Stars.
Shots for this period are 13 for Devils vs 12 for Stars.
Output by the SimonT Hockey Simulator (STHS) for François Prévost -- Original Page W3C XHTML 1.0 Valid